 Dungeon Crawl Stone Soup version 0.29-a0-474-gdfe5cd140f (webtiles) character file.

Game seed: 10383400482394028481

2417 tasumai the Twirler (level 9, -13/84 HPs)
             Began as a Gargoyle Berserker on May 23, 2022.
             Was a Priest of Trog.
             Mangled by an orc warrior
             ... wielding a +0 battleaxe
              (17 damage)
             ... on level 7 of the Dungeon.
             The game lasted 00:12:49 (6154 turns).

tasumai the Twirler (Gargoyle Berserker)            Turns: 6154, Time: 00:12:49

Health: -13/84     AC: 19    Str: 21 (24) XL:     9   Next: 47%
Magic:  0/9        EV: 11    Int: 11      God:    Trog [***...]
Gold:   466        SH:  0    Dex: 13      Spells: 8/8 levels left

rFire   . . .      SeeInvis .   i - +3 quarterstaff (chaos)
rCold   . . .      Faith    .   (shield currently unavailable)
rNeg    + . .      Spirit   +   o - +1 scale mail of the Valley {*Slow Will++ Int+2 Dex+4}
rPois   ∞          Reflect  .   d - +0 helmet
rElec   +          Harm     .   j - +0 cloak
rCorr   .          Rampage  .   (no gloves)
Will    ++...                   g - +0 pair of boots
Stlth   ..........              t - amulet of guardian spirit
HPRegen 0.24/turn               a - ring of flight
MPRegen 0.11/turn               (no ring)

@: berserking (expiring), flying, very quick
A: sickness immunity, AC +6, negative energy resistance 1, electricity
resistance, torment resistance 1, petrification resistance
a: Renounce Religion, Berserk, Trog's Hand


You were on level 7 of the Dungeon.
You worshipped Trog.
Trog was most pleased with you.
You visited 1 branch of the dungeon, and saw 7 of its levels.

You collected 466 gold pieces.

Inventory:

Hand Weapons
 i - a +3 quarterstaff of chaos (weapon)
 s - a +0 vorpal flail
Missiles
 p - 2 throwing nets (quivered)
Armour
 d - a +0 helmet (worn)
 g - a +0 pair of boots (worn)
 j - a +0 cloak (worn)
 n - the +0 kite shield of Gozag's Reproof {Fly Str-2 Dex+5}
   (You took it off a gnoll sergeant on level 4 of the Dungeon)

   Str:       It affects your strength (-2).
   Dex:       It affects your dexterity (+5).
   Fly:       It grants you flight.
 o - the +1 scale mail of the Valley (worn) {*Slow Will++ Int+2 Dex+4}
   (You took it off a gnoll sergeant on level 4 of the Dungeon)

   Int:       It affects your intelligence (+2).
   Dex:       It affects your dexterity (+4).
   *Slow:     It may slow you when you take damage.
   Will:      It greatly increases your willpower.
Jewellery
 a - a ring of flight (left hand)
 t - an amulet of guardian spirit (around neck)
Wands
 q - a wand of paralysis (12)
 r - a wand of flame (50)
 y - a wand of digging (3)
Scrolls
 b - 10 scrolls of identify
 f - 4 scrolls of teleportation
 k - 3 scrolls of magic mapping
 l - a scroll of fog
 v - a scroll of poison
 w - a scroll of enchant armour {unknown}
Potions
 c - 5 potions of heal wounds
 h - 4 potions of curing
 m - a potion of haste
 u - 2 potions of lignification
 x - 2 potions of attraction


   Skills:
 + Level 6.5 Fighting
 + Level 5.2(7.3) Maces & Flails
 + Level 7.9(8.6) Staves
 + Level 6.6 Armour
 + Level 3.0 Dodging
 + Level 1.8 Stealth


You had 8 spell levels left.
You didn't know any spells.
Your spell library was empty.

Dungeon Overview and Level Annotations

Branches:
Dungeon (7/15)             Temple (0/1) D:5

Altars:
Dithmenos
Elyvilon
Vehumet


Innate Abilities, Weirdness & Mutations

You are immune to sickness and miasma.
Your stone body is resilient. (AC +6)
You are immune to poison.
You resist negative energy. (rN+)
You are resistant to electric shocks. (rElec)
You are resistant to unholy torment.
You are immune to petrification.


Message History

You miss something. The orc closely misses you. Something hits you!!
* * * LOW HITPOINT WARNING * * *
The centaur shoots an arrow.
The arrow barely misses you.
You hit something but do no damage.
The centaur shoots an arrow.
The arrow hits you.
* * * LOW HITPOINT WARNING * * *
Something hits you but does no damage. The orc barely misses you.
The centaur unwields a +0 shortbow.
The centaur barely misses you.
The centaur kicks you but does no damage.
Items here: )) [ †.
You sock the centaur!
The centaur is heavily wounded.
Something hits you but does no damage. The orc barely misses you.
You barely miss the centaur.
The centaur is heavily wounded.
The centaur barely misses you.
The centaur kicks you but does no damage.
You bludgeon the centaur!!
You kill the centaur!
Trog accepts your kill. Something hits you.
* * * LOW HITPOINT WARNING * * *
The orc hits you but does no damage. The orc barely misses you.
You see here a +0 shortbow.
You feel a strong urge to attack something.
You sock the orc!
You feel the power of Trog in you as your rage grows.
You kill the orc!
Trog accepts your kill. Something hits you!
* * * LOW HITPOINT WARNING * * *
Something hits you but does no damage.
Things that are here:
a +0 club; an orc corpse You completely miss something.
You miss something. Something hits you.
* * * LOW HITPOINT WARNING * * *
You barely miss something. Something hits you!
You die...

.#.##.##.#.##..#.#
......##.#.....#.#
##.##†##.####..#.#
#.##............####
#....†..####.......#
#####<#### ##.####.#
......# ##.## #
####### #...###.####
#.#)@.......
#..)........
##..........
#.......... #
#.#......... #
#........... #
#.#......... #
#.#......... # #
#.........


There were no monsters in sight!

Vanquished Creatures
  The ghost of croobank the Shield-Bearer, an amateur GnFi (D:4)
  A steam dragon (D:6)
  2 water moccasins
  2 black bears (D:6)
  An orc warrior (D:6)
  2 centaurs
  2 phantoms
  A bullfrog (D:7)
  6 scorpions
  A gnoll sergeant (D:4)
  2 jellies
  3 hounds
  A gnoll shaman (D:4)
  3 orc priests
  Crazy Yiuf (D:3)
  7 iguanas
  2 orc wizards (D:5)
  7 gnolls (D:4)
  12 adders
  A shadow imp (D:6)
  A white imp (D:5)
  2 dart slugs (D:1)
  26 orcs
  7 ball pythons
  2 bats
  6 endoplasms
  5 giant cockroaches
  8 hobgoblins
  4 jackals (D:4)
  A quokka (D:4)
  3 frilled lizards
  11 goblins
  2 kobolds (D:3)
  5 rats
141 creatures vanquished.

Vanquished Creatures (others)
  An adder zombie (D:6)
  2 plants (D:4)
3 creatures vanquished.

Grand Total: 144 creatures vanquished

Notes
Turn   | Place    | Note
-------+----------+-------------------------------------------
     0 | D:1      | tasumai the Gargoyle Berserker began the quest for the Orb.
     0 | D:1      | Reached XP level 1. HP: 14/14 MP: 1/1
   390 | D:1      | Reached XP level 2. HP: 19/19 MP: 2/2
   553 | D:1      | Found a faded altar of an unknown god.
  1220 | D:2      | Reached XP level 3. HP: 24/24 MP: 3/3
  1683 | D:3      | Found a shadowy altar of Dithmenos.
  1856 | D:3      | Reached XP level 4. HP: 29/29 MP: 4/4
  1890 | D:3      | Found a runed translucent door.
  1891 | D:3      | Noticed Crazy Yiuf
  1900 | D:3      | Killed Crazy Yiuf
  2228 | D:3      | Found a white marble altar of Elyvilon.
  2292 | D:3      | Reached ** piety under Trog
  2331 | D:3      | Found a radiant altar of Vehumet.
  2739 | D:4      | Reached XP level 5. HP: 30/33 MP: 5/5
  2745 | D:4      | Reached skill level 1 in Staves
  2859 | D:4      | Identified the +1 scale mail of the Valley {*Slow Will++
                  | Int+2 Dex+4}
  2859 | D:4      | Identified the +0 kite shield of Gozag's Reproof {Fly Str-2
                  | Dex+5}
  2881 | D:4      | Found a transporter.
  2887 | D:4      | Found a transporter.
  2912 | D:4      | Reached skill level 2 in Staves
  2912 | D:4      | Reached XP level 6. HP: 38/38 MP: 6/6
  3032 | D:4      | Noticed croobank's ghost (amateur GnFi)
  3054 | D:4      | Killed croobank's ghost
  3055 | D:4      | Reached skill level 3 in Staves
  3055 | D:4      | Reached XP level 7. HP: 12/44 MP: 7/7
  3465 | D:4      | Reached skill level 5 in Armour
  3465 | D:4      | Reached skill level 1 in Stealth
  3704 | D:4      | Reached skill level 5 in Maces & Flails
  3944 | D:4      | Reached skill level 4 in Staves
  3944 | D:4      | Reached XP level 8. HP: 48/48 MP: 8/8
  4009 | D:5      | Entered Level 5 of the Dungeon
  4017 | D:5      | Reached skill level 5 in Fighting
  4336 | D:5      | Reached skill level 5 in Staves
  4394 | D:5      | Reached *** piety under Trog
  4499 | D:5      | Found a staircase to the Ecumenical Temple.
  4873 | D:5      | Reached skill level 6 in Staves
  5204 | D:6      | Reached XP level 9. HP: 42/55 MP: 6/9
  5407 | D:6      | Reached skill level 7 in Staves
  6153 | D:7      | HP: 4/84 [something (5)]
  6154 | D:7      | Mangled by an orc warrior

Illustrated notes

Levels and vault maps discovered:
D:1:      roderic_crop_circles_arrival_small, layout_basic,
          chequers_ecumenical_altar_twisty, minmay_misc_feat_tower
D:2:      layout_basic
D:3:      layout_loops_corners, lemuel_tele_altar,
          nicolae_overflow_hidden_temple, grunt_dithmenos_smoke_and_mirrors,
          uniq_crazy_yiuf_cottage
D:4:      cheibrodos_greedy_goblins, layout_rooms,
          gammafunk_ghost_gnarly_gnolls, grunt_tough_drop
D:5:      layout_loops_ring, minmay_temple_entry_mini_moons, water_maze_lemuel
D:6:      layout_loops_ring
D:7:      layout_loops_ring

Skill      XL: |  1  2  3  4  5  6  7  8  9 |
---------------+----------------------------+-----
Fighting       | 4 5 6 |  6.5
Maces & Flails | 4 5 |  5.2
Armour         | 3 4 5 6 |  6.6
Staves         | 2 3 4 6 7 |  7.9
Dodging        | 2 3 |  3.0
Stealth        | 1 |  1.8

Action                   |  1- 3 |  4- 6 |  7- 9 || total
-------------------------+-------+-------+-------++-------
Melee: Mace              |    92 |     5 |       ||    97
       Quarterstaff      |       |    54 |   229 ||   283
       Flail             |       |    29 |    16 ||    45
Invok: Berserk           |       |     4 |     3 ||     7
  Use: Scroll            |     3 |     1 |     7 ||    11
       Potion            |     1 |     1 |     5 ||     7
 Stab: Paralysed         |       |       |     2 ||     2
Armor: Leather armour    |     6 |       |       ||     6
       Ring mail         |    22 |       |       ||    22
       Plate armour      |    31 |    47 |       ||    78
       Skin              |     1 |       |       ||     1
       Scale mail        |       |    10 |   167 ||   177
Dodge: Dodged            |    38 |    34 |   117 ||   189

Table legend: (Time is in decaauts)
 A = Elapsed time spent in this place.
 B = Non-inter-level travel time spent in this place.
 C = Inter-level travel time spent in this place.
 D = Time resting spent in this place.
 E = Time spent auto-exploring this place.
 F = Levels seen in this place.
 G = Mean time per level.
                   A        B        C        D        E       F      G
               +--------+--------+--------+--------+--------+-----+--------+
         Total |   6217 |   5979 |    238 |     45 |   4918 |   7 |  888.1 |
       Dungeon |   6217 |   5979 |    238 |     45 |   4918 |   7 |  888.1 |
               +--------+--------+--------+--------+--------+-----+--------+

Top non-repeatable levels by time:
     D:4: 1320 daAuts
     D:5: 1142 daAuts
     D:3: 1063 daAuts
     D:1: 961 daAuts
     D:6: 830 daAuts
     D:2: 737 daAuts
     D:7: 161 daAuts
